 Dungeon Crawl Stone Soup version 0.31.0-32-g396128a36d (webtiles) character file.

Game seed: 9431588448172477354

1736 PaiMei the Scholar of Death (level 8, -9/62 HPs)
             Began as a Demonspawn Necromancer on Mar 14, 2024.
             Was a Follower of Kikubaaqudgha.
             Killed by divine providence
             ... invoked by an orc priest
              (14 damage)
             ... on level 6 of the Dungeon.
             The game lasted 00:08:45 (7574 turns).

PaiMei the Scholar of Death (DsNe)                  Turns: 7574, Time: 00:08:45

Health: -9/62      AC:  7    Str:  8    XL:     8   Next: 76%
Magic:  4/16       EV: 16    Int: 18    God:    Kikubaaqudgha [*.....]
Gold:   281        SH:  0    Dex: 22    Spells: 14/18 levels left

rFire   . . .        l - +0 spear of the Loving Sybil {freeze, ^Fragile rElec rC+ Dex+8}
rCold   . . .        (no shield)
rNeg    + + .        p - +4 robe of the Doldrums {rC- rN++ rCorr}
rPois   .            (no helmet)
rElec   +            (no cloak)
rCorr   +            e - +0 pair of gloves
SInv    .            (no boots)
Will    .....        (no amulet)
Stlth   +++          c - ring of wizardry
HPRegen 0.30/turn    w - ring of wizardry
MPRegen 0.15/turn

%: wizardry (x2)
@: no status effects
A: claws 2, foul stench 1
a: Renounce Religion, Unearth Wretches


You were on level 6 of the Dungeon.
You worshipped Kikubaaqudgha.
Kikubaaqudgha was aware of your devotion.
You visited 1 branch of the dungeon, and saw 6 of its levels.

You collected 281 gold pieces.

Inventory:

Hand Weapons
 h - a +3 dagger
 l - the +0 spear of the Loving Sybil (weapon) {freeze, ^Fragile rElec rC+ Dex+8}
   (You found it on level 2 of the Dungeon)

   Dex+8:     It affects your dexterity (+8).
   rC+:       It protects you from cold.
   rElec:     It insulates you from electricity.
   ^Fragile:  It will be destroyed if unequipped.
 u - a +2 trident of protection
Missiles
 r - 12 poisoned darts (quivered)
Armour
 e - a +0 pair of gloves (worn)
 p - the +4 robe of the Doldrums (worn) {rC- rN++ rCorr}
   (You found it on level 2 of the Dungeon)

   rC-:       It makes you vulnerable to cold.
   rN++:      It greatly protects you from negative energy.
   rCorr:     It protects you from acid and corrosion.
Jewellery
 c - a ring of wizardry (left hand)
 w - a ring of wizardry (right hand)
Wands
 o - a wand of flame (27)
Scrolls
 a - a scroll of blinking {unknown}
 d - a scroll of amnesia {unknown}
 f - 5 scrolls of teleportation {unknown}
 g - 2 scrolls of fear {unknown}
 i - a scroll of brand weapon {unknown}
 k - 5 scrolls of identify {unknown}
 n - a scroll of silence {unknown}
 q - a scroll of poison {unknown}
 s - a scroll of enchant weapon {unknown}
 v - a scroll of immolation {unknown}
Potions
 b - a potion of magic
 j - a potion of heal wounds {unknown}
 m - 3 potions of haste {unknown}
 t - a potion of enlightenment {unknown}
 x - a potion of curing {unknown}
 z - a potion of degeneration {unknown}


   Skills:
 + Level 5.1 Fighting
 + Level 5.4 Dodging
 - Level 2.3 Stealth
 + Level 5.5 Spellcasting
 + Level 7.5 Necromancy


You had 14 spell levels left.
You knew the following spells:

 Your Spells              Type           Power      Damage    Failure   Level
a - Necrotise             Necr           100%       1d9       1%          1
b - Vampiric Draining     Necr           32%        2d8       1%          3

Your spell library contained the following spells:

 Spells                   Type           Power      Damage    Failure   Level
 Cigotuvi's Dreadful Rot  Necr/Alch/Air  28%        N/A       1%          2
 Animate Dead             Necr           32%        N/A       1%          4
 Curse of Agony           Necr           32%        N/A       4%          5
 Borgnjor's Vile Clutch   Necr/Erth      9%         N/A       19%         5
 Death Channel            Necr           16%        N/A       22%         6


Dungeon Overview and Level Annotations

Branches:
Dungeon (6/15)             Temple (0/1) D:4

Altars:
Dithmenos
Fedhas
Kikubaaqudgha
Qazlal
Uskayaw
Wu Jian
Xom

Annotations:
D:4 Grinder


Innate Abilities, Weirdness & Mutations

You have very sharp fingernails.
You may rarely emit foul miasma when damaged in melee.


Message History

The orc priest begins to cast a cantrip, but forgets the words!
The orc priest misses you.
You barely miss the orc priest.
The orc priest is heavily wounded.
The gnoll hits you from afar with a +0 halberd.
The orc priest misses you.
You hit the orc priest but do no damage.
The orc priest is heavily wounded.
The gnoll completely misses you. The orc priest misses you.
You hit the orc priest but do no damage.
The orc priest is heavily wounded.
The gnoll completely misses you.
The orc priest hits you but does no damage.
The gnoll hits you from afar with a +0 halberd.
The orc priest closely misses you.
You hit the orc priest but do no damage.
The orc priest is heavily wounded.
The orc priest looks encouraged for a moment.
The gnoll hits you but does no damage.
You hit the orc priest but do no damage.
The orc priest is heavily wounded.
The orc priest mumbles some strange prayers to Beogh against you.
Beogh smites you!
The orc priest mumbles some strange prayers to Beogh against you.
Beogh smites you! The gnoll misses you.
You hit the orc priest. You freeze the orc priest.
The orc priest is almost dead.
The orc priest hits you with a +0 club.
The orc priest invokes the aid of Beogh against you.
Beogh smites you!
* * * LOW HITPOINT WARNING * * *
The gnoll hits you from afar with a +0 halberd!
* * * LOW HITPOINT WARNING * * *
You hit the orc priest but do no damage.
The orc priest is almost dead.
The orc priest completely misses you.
The orc priest invokes the aid of Beogh against you.
Beogh smites you!
You die...
Kikubaaqudgha rasps: "You have failed me!
Welcome... death!"

.. .. ..### . ....###
...
......#############sg...
.............$..@ogoo...
...........#########.###
......#....#
......#....#
...#####....# ##.#
#....# #.# #...... #.#
#...... #.# ...#.


You could see a scorpion, 2 orc priests, 2 gnolls and an orc.

Vanquished Creatures
  Eustachio (D:5)
  A sky beast (D:6)
  3 black bears
  3 ogres
  A bullfrog (D:6)
  A gnoll sergeant (D:6)
  2 scorpions (D:5)
  A howler monkey (D:5)
  A bombardier beetle (D:4)
  A hound (D:5)
  2 jellies (D:4)
  3 orc priests
  An iguana (D:5)
  A sleepcap (D:5)
  4 orc wizards
  Natasha (twice) (D:3)
  3 gnolls (D:6)
  12 adders
  2 ribbon worms (D:3)
  20 orcs
  6 ball pythons
  7 endoplasms
  3 giant cockroaches
  7 goblins
  6 hobgoblins
  2 jackals (D:2)
  8 kobolds
  5 quokkas
  5 bats
  2 frilled lizards
  6 rats
122 creatures vanquished.

Vanquished Creatures (collateral kills)
  Natasha (D:3)
  A gnoll (D:6)
  2 goblins
  A jackal (D:2)
  A kobold (D:3)
6 creatures vanquished.

Vanquished Creatures (others)
  A hound (D:4)
  An iguana (D:4)
2 creatures vanquished.

Grand Total: 130 creatures vanquished

Notes
Turn   | Place    | Note
-------+----------+-------------------------------------------
     0 | D:1      | PaiMei the Demonspawn Necromancer began the quest for the
                  | Orb.
     0 | D:1      | Reached XP level 1. HP: 13/13 MP: 3/3
   254 | D:1      | Gained mutation: You have sharp fingernails. [demonic
                  | ancestry]
   254 | D:1      | Reached XP level 2. HP: 19/19 MP: 3/5
   487 | D:1      | Found a faded altar of an unknown god.
  1188 | D:2      | Identified the +0 spear of the Loving Sybil {freeze,
                  | ^Fragile rElec rC+ Dex+8}
  1363 | D:2      | Gained mutation: You may rarely emit foul miasma when
                  | damaged in melee. [demonic ancestry]
  1363 | D:2      | Reached XP level 3. HP: 24/24 MP: 2/6
  1367 | D:2      | Learned a level 3 spell: Vampiric Draining
  1406 | D:2      | Identified the +4 robe of the Doldrums {rC- rN++ rCorr}
  2217 | D:3      | Gained mutation: You have very sharp fingernails. [demonic
                  | ancestry]
  2217 | D:3      | Reached XP level 4. HP: 26/31 MP: 8/8
  2304 | D:3      | Found a stormy altar of Qazlal.
  2416 | D:3      | Noticed Natasha
  2428 | D:3      | Killed Natasha
  2429 | D:3      | Reached skill level 1 in Fighting
  2630 | D:3      | Reached skill level 5 in Necromancy
  2635 | D:3      | Found a shadowy altar of Dithmenos.
  2638 | D:3      | Noticed Natasha
  2706 | D:3      | HP: 1/32 [Natasha/magic dart (5)]
  2707 | D:3      | Killed Natasha
  2708 | D:3      | Reached XP level 5. HP: 2/37 MP: 3/9
  3310 | D:3      | Noticed Natasha
  3329 | D:3      | Killed Natasha
  3598 | D:4      | Found a staircase to the Ecumenical Temple.
  3710 | D:4      | Noticed an ogre
  3734 | D:4      | Found a blossoming altar of Fedhas.
  3746 | D:4      | Reached XP level 6. HP: 44/44 MP: 8/11
  3795 | D:4      | Noticed Grinder
  3887 | D:4      | Found a shimmering altar of Xom.
  3974 | D:4      | Found an ancient bone altar of Kikubaaqudgha.
  3982 | D:4      | Became a worshipper of Kikubaaqudgha
  4674 | D:3      | Reached XP level 7. HP: 39/52 MP: 2/12
  4864 | D:4      | Reached skill level 6 in Necromancy
  5001 | D:4      | Paralysed by Grinder for 3 turns
  5124 | D:4      | Paralysed by Grinder for 4 turns
  5555 | D:5      | Entered Level 5 of the Dungeon
  5702 | D:4      | Paralysed by Grinder for 5 turns
  6249 | D:5      | Reached XP level 8. HP: 60/60 MP: 4/15
  6581 | D:5      | Found an ornate altar of the Wu Jian Council.
  6588 | D:5      | Reached * piety under Kikubaaqudgha
  6588 | D:5      | Received a gift from Kikubaaqudgha
  6807 | D:5      | Found a hide-covered altar of Uskayaw.
  6885 | D:5      | Noticed Eustachio
  6891 | D:5      | Killed Eustachio
  6892 | D:5      | Reached skill level 5 in Spellcasting
  6892 | D:5      | Reached skill level 7 in Necromancy
  7046 | D:5      | Reached skill level 5 in Dodging
  7346 | D:6      | Reached skill level 5 in Fighting
  7574 | D:6      | Killed from afar by an orc priest

Illustrated notes

Levels and vault maps discovered:
D:1:      tarquinn_simple_flora_water_b, layout_basic,
          shapermc_ecumenical_altar_mp_urbaneastern
D:2:      wander_river, layout_loops_cross
D:3:      layout_loops_ring, nicolae_dithmenos_shadow_blocks, lemuel_tele_altar,
          uniq_natasha
D:4:      layout_cave_pools, fedhas_altar_1,
          mainiacjoe_overflow_surrounded_room, xom_confusion_cloud,
          temple_fountains, kennysheep_big_empty_room, uniq_grinder
D:5:      layout_basic, nzn_wu_jian_contemplation, nicolae_uskayaw_dance_hall,
          kennysheep_generic_room_15, uniq_eustachio
D:6:      layout_basic, cheibriados_altar_1, vehumet_statue,
          beargit_hepliaklqana_dungeon_heroes, nicolae_overflow_crystal_walls,
          item_on_display_a

Skill      XL: |  1  2  3  4  5  6  7  8 |
---------------+-------------------------+-----
Stealth        | 2 |  2.3
Dodging        | 2 3 4 5 |  5.4
Fighting       | 1 2 3 4 5 |  5.1
Necromancy     | 5 6 7 |  7.5
Spellcasting   | 3 4 5 |  5.5

Action                     |  1- 3 |  4- 6 |  7- 9 || total
---------------------------+-------+-------+-------++-------
  Melee: Unarmed           |     9 |       |       ||     9
         Punch             |     1 |     2 |       ||     3
         Dagger            |     2 |       |       ||     2
         Spear             |    10 |    27 |    60 ||    97
   Cast: Necrotise         |    74 |   110 |    54 ||   238
         Vampiric Draining |       |    10 |    48 ||    58
   Stab: Distracted        |       |     1 |     1 ||     2
 Armour: Robe              |    22 |    77 |    73 ||   172
  Dodge: Dodged            |    30 |    62 |   103 ||   195
